 Dungeon Crawl Stone Soup version 0.26-b1-32-g5d43845318 (webtiles) character file.

Game seed: 8698373744969270206

3717 Borgoz the Grappler (level 10, -6/84 HPs)
             Began as a Ghoul Gladiator on Jan 10, 2021.
             Was a High Priest of Okawaru.
             Mangled by Harold
             ... wielding a +0 mace
              (15 damage)
             ... on level 8 of the Dungeon.
             The game lasted 00:11:53 (9151 turns).

Borgoz the Grappler (Ghoul Gladiator)               Turns: 9151, Time: 00:11:53

Health: -6/84      AC:  6    Str: 19    XL:     10   Next: 14%
Magic:  13/13      EV: 16    Int:  9    God:    Okawaru [*****.]
Gold:   385        SH:  4    Dex: 13    Spells: 9/9 levels left

rFire    . . .     SeeInvis .     - Unarmed
rCold    + . .     Faith    .   p - +0 buckler
rNeg     + + +     Spirit   .   h - +0 leather armour {Will+}
rPois    ∞         Reflect  .   b - +0 helmet
rElec    .         Harm     .   f - +0 cloak
rCorr    .         Rampage  .   (no gloves)
Will     +....                  a - +0 pair of boots
Stlth    +.........             (no amulet)
HPRegen  0.00/turn              e - +6 ring of intelligence (curse)
MPRegen  0.13/turn              (no ring)

@: mighty, marked
A: claws 1, cold resistance 1, negative energy resistance 3, inhibited
regeneration, torment resistance, unbreathing
a: Renounce Religion, Heroism, Finesse


You were on level 8 of the Dungeon.
You worshipped Okawaru.
Okawaru was extremely pleased with you.
You visited 1 branch of the dungeon, and saw 8 of its levels.

You collected 385 gold pieces.

Inventory:

Armour
 a - a +0 pair of boots (worn)
 b - a +0 helmet (worn)
 f - a +0 cloak (worn)
 h - a +0 leather armour of willpower (worn)
 p - a +0 buckler (worn)
Jewellery
 e - a cursed +6 ring of intelligence (left claw)
 q - an uncursed ring of ice
 t - an uncursed amulet of faith {unknown}
Wands
 d - a wand of acid (6)
 n - a wand of flame (22)
 o - a wand of digging (10)
 r - a wand of paralysis (7)
Scrolls
 g - 2 scrolls of fog
 i - 2 scrolls of teleportation
 j - 4 scrolls of remove curse
 l - 2 scrolls of enchant armour
 v - a scroll of brand weapon {unknown}
Potions
 c - a potion of cancellation
 m - 3 potions of brilliance
 s - 2 potions of curing
 u - a potion of magic


   Skills:
 + Level 6.8 Fighting
 - Level 1.7 Throwing
 * Level 8.0 Dodging
 + Level 1.8 Shields
 * Level 9.6 Unarmed Combat
 + Level 5.6 Invocations


You had 9 spell levels left.
You didn't know any spells.
Your spell library contained the following spells:

 Spells                   Type           Power        Failure   Level
 Summon Demon             Summ           0%           100%        5
 Summon Forest            Summ/Tloc      0%           100%        5
 Summon Mana Viper        Hex/Summ       0%           100%        5
 Shadow Creatures         Summ           N/A          100%        6
 Summon Hydra             Summ           0%           100%        7


Dungeon Overview and Level Annotations

Branches:
Dungeon (8/15)             Temple (0/1) D:5
   Lair: D:8-11

Altars:
Ashenzari
Cheibriados
Dithmenos
Kikubaaqudgha
Makhleb
Okawaru
Ru
Trog
Vehumet
Wu Jian
Yredelemnul

Annotations:
D:8 Harold, Psyche


Innate Abilities, Weirdness & Mutations

You thrive by killing the living.
You are immune to poison.
You have sharp fingernails.
Your flesh is cold resistant. (rC+)
You are immune to negative energy. (rN+++)
You do not regenerate when monsters are visible.
You are immune to unholy pain and torment.
You can survive without breathing.


Message History

The wyvern is lightly wounded.
The wyvern completely misses you.
A water moccasin comes into view.
A wyvern comes into view.
You block Harold's attack.
You claw the wyvern!
The wyvern is heavily wounded.
The wyvern barely misses you. The shadow imp closely misses you.
A water moccasin comes into view.
The wyvern hisses menacingly.
The wyvern barely misses you.
Psyche mumbles some strange words.
Psyche seems to speed up.
You hear a shout!
You hear an angry hiss.
You hear a shout!
You mangle the wyvern!!
You kill the wyvern!
Okawaru accepts your kill. The wyvern bites you!
* * * LOW HITPOINT WARNING * * *
The shadow imp closely misses you. Harold hits you with a +0 mace!
You die...

...........###
.............#####
#.(...............
##.....<<.<....####
#.#####...[.......
.. #....###.. .
##.#...# #†..S.#
......#@l#..#
......#@5#..#
.......l.SZ...
##........S....
#......##..ll/.. .
###. #...... #.
..... #. #....


You could see Harold, 2 water moccasins, 4 wyverns, an adder, a shadow imp and a
centaur zombie.

Vanquished Creatures
  A two-headed ogre (D:8)
  Maggie (D:6)
  Grinder (D:3)
  A wyvern (D:8)
  A water moccasin (D:7)
  Duvessa (D:5)
  2 orc warriors (D:7)
  A sky beast (D:7)
  A phantom (D:5)
  2 black bears (D:7)
  2 ogres
  2 centaurs
  2 bullfrogs
  Dowan (D:5)
  A scorpion (D:6)
  4 wights (D:5)
  A howler monkey (D:3)
  A centaur zombie (D:7)
  3 centaur skeletons
  A jelly (D:7)
  5 orc priests
  Crazy Yiuf (D:3)
  A bullfrog skeleton (D:6)
  6 orc wizards
  Ijyb (D:3)
  9 worker ants
  Natasha (thrice) (D:3)
  An iguana (D:6)
  2 hound zombies
  A hound skeleton (D:5)
  2 worker ant zombies
  8 adders
  3 gnolls (D:5)
  A white imp (D:5)
  An adder skeleton (D:5)
  2 dart slugs
  A leopard gecko (D:3)
  17 orcs
  6 bats
  6 giant cockroaches
  8 goblins
  4 hobgoblins
  5 jackals
  7 quokkas
  A ball python (D:6)
  6 frilled lizards
  A jackal skeleton (D:4)
  4 kobolds
  A quokka skeleton (D:5)
  4 rats
148 creatures vanquished.

Vanquished Creatures (others)
  A jelly (D:6)
  2 fungi (D:8)
  20 plants
23 creatures vanquished.

Grand Total: 171 creatures vanquished

Notes
Turn   | Place    | Note
-------+----------+-------------------------------------------
     0 | D:1      | Borgoz the Ghoul Gladiator began the quest for the Orb.
     0 | D:1      | Reached XP level 1. HP: 17/17 MP: 0/0
   404 | D:1      | Reached XP level 2. HP: 25/25 MP: 1/1
   822 | D:2      | Reached XP level 3. HP: 29/30 MP: 2/2
  1003 | D:2      | Found an iron altar of Okawaru.
  1018 | D:2      | Became a worshipper of Warmaster Okawaru
  1516 | D:2      | Reached skill level 4 in Unarmed Combat
  1567 | D:2      | Found a faded altar of an unknown god.
  1725 | D:2      | Found a snail-covered altar of Cheibriados.
  2115 | D:3      | Reached XP level 4. HP: 37/37 MP: 3/3
  2118 | D:3      | Noticed Ijyb
  2133 | D:3      | Paralysed by Ijyb for 2 turns
  2145 | D:3      | Paralysed by Ijyb for 5 turns
  2175 | D:3      | Killed Ijyb
  2301 | D:3      | Reached skill level 1 in Invocations
  2442 | D:3      | Found a runed translucent door.
  2443 | D:3      | Noticed Crazy Yiuf
  2559 | D:3      | Reached XP level 5. HP: 17/45 MP: 4/4
  2730 | D:3      | Noticed Natasha
  2740 | D:3      | Killed Natasha
  2751 | D:3      | Noticed Grinder
  2775 | D:3      | Killed Grinder
  2775 | D:3      | Reached * piety under Okawaru
  2776 | D:3      | Reached skill level 5 in Unarmed Combat
  2776 | D:3      | Reached XP level 6. HP: 22/52 MP: 6/6
  2869 | D:3      | Noticed Natasha
  2883 | D:3      | Killed Natasha
  3174 | D:3      | Noticed Natasha
  3189 | D:3      | Killed Natasha
  3342 | D:3      | Killed Crazy Yiuf
  3343 | D:3      | Reached XP level 7. HP: 58/58 MP: 7/7
  4120 | D:4      | Reached skill level 5 in Dodging
  4120 | D:4      | Reached skill level 6 in Unarmed Combat
  4773 | D:5      | Entered Level 5 of the Dungeon
  4773 | D:5      | Noticed Dowan
  4776 | D:5      | Noticed Duvessa
  4793 | D:5      | Killed Duvessa
  4806 | D:5      | Killed Dowan
  5007 | D:5      | Found a basalt altar of Yredelemnul.
  5024 | D:5      | Reached XP level 8. HP: 52/67 MP: 9/9
  5224 | D:5      | Reached ** piety under Okawaru
  5304 | D:5      | Reached skill level 7 in Unarmed Combat
  5505 | D:5      | Reached skill level 5 in Fighting
  5861 | D:5      | Found a radiant altar of Vehumet.
  5963 | D:5      | Found a sacrificial altar of Ru.
  6109 | D:5      | Found a staircase to the Ecumenical Temple.
  6220 | D:5      | Found an ancient bone altar of Kikubaaqudgha.
  6221 | D:5      | Found a shadowy altar of Dithmenos.
  6221 | D:5      | Found a broken altar of Ashenzari.
  6221 | D:5      | Found an ornate altar of the Wu Jian Council.
  6225 | D:5      | Found a burning altar of Makhleb.
  6653 | D:6      | Noticed Maggie
  6666 | D:6      | Killed Maggie
  6666 | D:6      | Reached *** piety under Okawaru
  6667 | D:6      | Reached skill level 8 in Unarmed Combat
  6667 | D:6      | Reached XP level 9. HP: 44/74 MP: 11/11
  8182 | D:7      | Reached skill level 5 in Invocations
  8701 | D:7      | Reached skill level 9 in Unarmed Combat
  8825 | D:7      | Found a bloodstained altar of Trog.
  9020 | D:8      | Noticed a two-headed ogre
  9024 | D:8      | Reached skill level 1 in Shields
  9035 | D:8      | Killed a two-headed ogre
  9035 | D:8      | Reached **** piety under Okawaru
  9035 | D:8      | Reached ***** piety under Okawaru
  9036 | D:8      | Reached XP level 10. HP: 47/84 MP: 11/13
  9133 | D:8      | Noticed Harold
  9147 | D:8      | Noticed Psyche
  9151 | D:8      | Mangled by Harold

Illustrated notes

Levels and vault maps discovered:
D:1:      matt_arrival_refuge, layout_basic
D:2:      layout_basic, lemuel_round_altar, kennysheep_okawaru_gauntlet,
          chequers_ecumenical_altar_lobes
D:3:      minmay_evil_eye, layout_rooms, uniq_ijyb, uniq_natasha, uniq_grinder,
          uniq_crazy_yiuf_cottage
D:4:      layout_basic
D:5:      layout_loops_ring, kennysheep_mini_moat,
          nicolae_ru_the_path_less_chosen, minitemple, basic_altar, uniq_duvessa
D:6:      layout_loops_ring, lemuel_old_faithful, uniq_maggie
D:7:      layout_basic, lightli_temple_of_fire
D:8:      layout_rooms, minmay_lair_entry_grove, xom_redecorated, uniq_harold,
          uniq_maurice, uniq_psyche

Skill      XL: |  1  2  3  4  5  6  7  8  9 |
---------------+----------------------------+-----
Dodging        | 3 4 5 6 8 |  8.0
Unarmed Combat | 4 5 6 8 9 |  9.6
Fighting       | 3 4 5 6 |  6.8
Invocations    | 1 2 3 4 5 |  5.6
Shields        | 1 |  1.8
Throwing       | |  1.7

Action                   |  1- 3 |  4- 6 |  7- 9 | 10-12 || total
-------------------------+-------+-------+-------+-------++-------
Melee: Unarmed           |    96 |   131 |   406 |    17 ||   650
       Punch             |     1 |     2 |    17 |       ||    20
Throw: Throwing net      |       |     5 |       |       ||     5
  Use: Scroll            |     2 |       |    13 |       ||    15
       Potion            |       |     2 |    12 |     1 ||    15
 Stab: Sleeping          |       |     1 |       |       ||     1
       Held in net/web   |       |     2 |       |       ||     2
Armor: Leather armour    |    34 |    28 |    75 |     2 ||   139
Dodge: Dodged            |    83 |    63 |   294 |    13 ||   453
Block: Buckler           |       |       |     6 |     2 ||     8
